 Dungeon Crawl Stone Soup version 0.28.0-47-ge53b351184 (webtiles) character file.

Game seed: 10982788431384502079

100 terff the Ducker (level 4, 0/41 HPs)
             Began as a Gnoll Monk on May 1, 2022.
             Slain by an orc
             ... wielding a +0 trident
              (2 damage)
             ... on level 2 of the Dungeon.
             The game lasted 00:05:00 (2155 turns).

terff the Ducker (Gnoll Monk)                       Turns: 2155, Time: 00:05:01

Health: 0/41       AC:  7    Str: 13    XL:     4   Next: 73%
Magic:  0/14       EV: 14    Int:  9    God:
Gold:   152        SH:  0    Dex: 14    Spells: 4/5 levels left

rFire   . . .      SeeInvis .   a - +1 mace
rCold   . . .      Faith    .   (no shield)
rNeg    . . .      Spirit   +   i - +0 leather armour
rPois   .          Reflect  .   (no helmet)
rElec   .          Harm     .   j - scarf {repulsion}
rCorr   .          Rampage  .   (no gloves)
Will    .....                   (no boots)
Stlth   ++........              c - amulet of guardian spirit
HPRegen 0.13/turn               d - ring "Ostirua" {MP+9 AC+4}
MPRegen 0.14/turn               (no ring)

@: repel missiles
A: fangs 1, strong nose, distributed training
a: no special abilities


You were on level 2 of the Dungeon.
You visited 1 branch of the dungeon, and saw 2 of its levels.

You collected 1018 gold pieces.
You spent 866 gold pieces at shops.

Inventory:

Hand Weapons
 a - a +1 mace (weapon)
Armour
 i - a +0 leather armour (worn)
 j - a scarf of repulsion (worn)
Jewellery
 c - an amulet of guardian spirit (around neck)
 d - the ring "Ostirua" (left hand) {MP+9 AC+4}
   (You bought it in a shop on level 2 of the Dungeon)

   [ring of protection]

   AC:        It affects your AC (+4).
   MP:        It affects your magic capacity (+9).
Scrolls
 h - 2 scrolls of magic mapping
Potions
 b - a potion of haste {unknown}
 e - a potion of resistance {unknown}
 f - 2 potions of attraction
 g - a potion of brilliance {unknown}


   Skills:
 + Level 6.6 Fighting
 + Level 1.2 Short Blades
 + Level 1.2 Long Blades
 + Level 1.2 Axes
 + Level 6.6 Maces & Flails
 + Level 1.2 Polearms
 + Level 1.2 Staves
 + Level 1.2 Slings
 + Level 1.2 Bows
 + Level 1.2 Crossbows
 + Level 1.2 Throwing
 + Level 1.2 Armour
 + Level 6.6 Dodging
 + Level 4.3 Stealth
 + Level 1.2 Shields
 + Level 1.2 Unarmed Combat
 + Level 1.2 Spellcasting
 + Level 1.0 Conjurations
 + Level 1.0 Hexes
 + Level 1.0 Summonings
 + Level 1.0 Necromancy
 + Level 1.0 Translocations
 + Level 1.0 Transmutations
 + Level 1.0 Fire Magic
 + Level 1.0 Ice Magic
 + Level 1.0 Air Magic
 + Level 1.0 Earth Magic
 + Level 1.0 Poison Magic
 + Level 1.3 Invocations
 + Level 1.2 Evocations


You had 4 spell levels left.
You knew the following spells:

 Your Spells              Type           Power      Damage    Failure   Level
a - Slow                  Hex            8%         N/A       30%         1

Your spell library contained the following spells:

 Spells                   Type           Power      Damage    Failure   Level
 Animate Skeleton         Necr           4%         N/A       30%         1
 Pain                     Necr           8%         1d4       30%         1
 Confusing Touch          Hex            2%         N/A       65%         3
 Vampiric Draining        Necr           2%         2d6       65%         3


Dungeon Overview and Level Annotations

Branches:
Dungeon (2/15)

Altars:

Shops:
D:2 =


Innate Abilities, Weirdness & Mutations

You have very sharp teeth.
Your uncanny sense of smell can sniff out nearby items.
Your experience applies equally to all skills.


Message History

The orc hits you with a +0 trident.
You hit the orc. You bite the orc, but do no damage.
The orc is heavily wounded.
The orc hits you but does no damage.
You barely miss the orc.
The orc is heavily wounded.
The orc barely misses you.
You hit the orc but do no damage.
The orc is heavily wounded.
The orc hits you but does no damage.
You hit the orc but do no damage.
The orc is heavily wounded.
The orc closely misses you.
You closely miss the orc.
The orc is heavily wounded.
The orc hits you with a +0 trident.
* * * LOW HITPOINT WARNING * * *
The orc misses you.
You hit the orc but do no damage.
The orc is heavily wounded.
The orc hits you with a +0 trident.
* * * LOW HITPOINT WARNING * * *
You hit the orc.
The orc is heavily wounded.
The orc hits you but does no damage.
You closely miss the orc.
The orc is heavily wounded.
The orc hits you with a +0 trident.
* * * LOW HITPOINT WARNING * * *
You hit the orc but do no damage. You bite the orc, but do no damage.
The orc is heavily wounded.
The orc completely misses you.
You hit the orc but do no damage.
The orc is heavily wounded.
The orc hits you with a +0 trident.
* * * LOW HITPOINT WARNING * * *
The orc closely misses you.
Items here: )))) [ †.
The orc hits you from afar with a +0 trident.
You die...

#....#*#...###.#####
#....####.,*#(..# #
#.....# #,,*#.#.# #
#....+##*,###'#.## #
#.<..#..###..##..# #
#)...#...8...###.# #
#...o##.....## #.# #
###)###8._.8# #.# #
#@###.....## #.#
#.##.......# #.###
#..#..###..###....
##.+###.###'######
#.#*#..#.#.# ## #.#
#......# ##^ #.#
####.### ##.. #.#
#.## #... #.#
#..####...


You could see an orc.

Vanquished Creatures
  An orc wizard (D:2)
  2 adders (D:2)
  A worm (D:2)
  A dart slug (D:2)
  3 orcs (D:2)
  6 ball pythons
  4 endoplasms
  3 goblins (D:1)
  6 hobgoblins
  7 kobolds
  5 quokkas
  3 bats
  4 frilled lizards
  3 rats
49 creatures vanquished.

Notes
Turn   | Place    | Note
-------+----------+-------------------------------------------
     0 | D:1      | terff the Gnoll Monk began the quest for the Orb.
     0 | D:1      | Reached XP level 1. HP: 23/23 MP: 1/1
   206 | D:1      | Reached XP level 2. HP: 19/29 MP: 2/2
   364 | D:1      | Learned a level 1 spell: Slow
  1137 | D:2      | Found Soptiesto's Jewellery Boutique.
  1146 | D:2      | Reached XP level 3. HP: 29/35 MP: 3/3
  1365 | D:2      | Identified a scroll of acquirement
  1365 | D:2      | Acquired 965 gold pieces
  1600 | D:2      | Reached skill level 1 in Invocations
  1648 | D:2      | Bought the ring "Ostirua" {MP+9 AC+4} for 866 gold pieces
  1741 | D:2      | Found a faded altar of an unknown god.
  1790 | D:2      | Reached skill level 1 in Short Blades
  1790 | D:2      | Reached skill level 1 in Long Blades
  1790 | D:2      | Reached skill level 1 in Axes
  1790 | D:2      | Reached skill level 1 in Polearms
  1790 | D:2      | Reached skill level 1 in Staves
  1790 | D:2      | Reached skill level 1 in Slings
  1790 | D:2      | Reached skill level 1 in Bows
  1790 | D:2      | Reached skill level 1 in Crossbows
  1790 | D:2      | Reached skill level 1 in Throwing
  1790 | D:2      | Reached skill level 1 in Armour
  1790 | D:2      | Reached skill level 1 in Shields
  1790 | D:2      | Reached skill level 1 in Unarmed Combat
  1790 | D:2      | Reached skill level 1 in Spellcasting
  1790 | D:2      | Reached skill level 1 in Evocations
  1946 | D:2      | Reached XP level 4. HP: 38/41 MP: 5/5
  2133 | D:2      | Reached skill level 1 in Conjurations
  2133 | D:2      | Reached skill level 1 in Hexes
  2133 | D:2      | Reached skill level 1 in Summonings
  2133 | D:2      | Reached skill level 1 in Necromancy
  2133 | D:2      | Reached skill level 1 in Translocations
  2133 | D:2      | Reached skill level 1 in Transmutations
  2133 | D:2      | Reached skill level 1 in Fire Magic
  2133 | D:2      | Reached skill level 1 in Ice Magic
  2133 | D:2      | Reached skill level 1 in Air Magic
  2133 | D:2      | Reached skill level 1 in Earth Magic
  2133 | D:2      | Reached skill level 1 in Poison Magic
  2153 | D:2      | HP: 1/41 [orc/+0 trident (3)]
  2155 | D:2      | Slain by an orc

Illustrated notes

Levels and vault maps discovered:
D:1:      dpeg_arrival_lava_temple_mockup, layout_basic
D:2:      layout_rooms, hellmonk_ecumenical_altar_slurped_away, serial_shops,
          nicolae_shop_crystal

Skill      XL: |  1  2  3  4 |
---------------+-------------+-----
Invocations    | 1 |  1.3
Short Blades   | 1 |  1.2
Long Blades    | 1 |  1.2
Axes           | 1 |  1.2
Polearms       | 1 |  1.2
Staves         | 1 |  1.2
Slings         | 1 |  1.2
Bows           | 1 |  1.2
Crossbows      | 1 |  1.2
Throwing       | 1 |  1.2
Armour         | 1 |  1.2
Shields        | 1 |  1.2
Unarmed Combat | 1 |  1.2
Spellcasting   | 1 |  1.2
Evocations     | 1 |  1.2
Conjurations   | 1 |  1.0
Hexes          | 1 |  1.0
Summonings     | 1 |  1.0
Necromancy     | 1 |  1.0
Translocations | 1 |  1.0
Transmutations | 1 |  1.0
Fire Magic     | 1 |  1.0
Ice Magic      | 1 |  1.0
Air Magic      | 1 |  1.0
Earth Magic    | 1 |  1.0
Poison Magic   | 1 |  1.0
Fighting       | |  6.6
Maces & Flails | |  6.6
Dodging        | |  6.6
Stealth        | |  4.3

Action                   |  1- 3 |  4- 6 || total
-------------------------+-------+-------++-------
Melee: Mace              |   122 |    34 ||   156
       Bite              |     6 |     5 ||    11
       Punch             |     1 |       ||     1
 Cast: Slow              |     2 |     1 ||     3
  Use: Potion            |     1 |       ||     1
       Scroll            |     4 |       ||     4
 Stab: Sleeping          |     4 |       ||     4
Armor: Robe              |    14 |       ||    14
       Leather armour    |     6 |     8 ||    14
Dodge: Dodged            |    96 |    32 ||   128
       Repelled          |       |     1 ||     1
